cohdb
Replays
Latest Replays
All Replays
Popular Replays
Top Player Replays
Match Explorer
How It Works
Community
CoH3 Stats
Reddit
Sign in to upload your games and track your stats! →
Sign in with Steam
Match 38555401
Unlisted
Match 38555401
Overview
Messages
Build Orders
End
Construct Infanterie Kompanie
Grenadier Squad
GrW 34 Mortar Team
Grenadier Squad
Construct Panzergrenadier Kompanie
Panzergrenadier Squad
251 Medium Carrier
Pak 40 Anti-tank Gun Team
Construct Panzer Kompanie
Pioneer Squad
Selects Mechanized Battlegroup
Selects Raid Package
Selects StuG Assault Group
Selects UNKNOWN (2160084)
Selects Spotting Scopes
Stoßtruppen Squad
Sturmpanzer IV Brummbär
Panther Heavy Tank
Panther Heavy Tank
Panzer Officer Quarters
Side Skirts
Selects Wespe Self-propelled Artillery
Selects Zeroing Artillery Barrage
Sturmpanzer IV Brummbär
Zeroing Artillery Barrage
Astartes_XVI_Legion
a million volts
永泰制药销售代表
nonocat
해킹당함링크클릭절대X
khj
Zebra
1139536504
0
0
Comments
sign in to comment!
No comments posted yet!